Arrhythmia, chaotic female vampiric Convict ----- --- ##....| .| ##|..<| -.| ###....| ------- |.| # ##----- |.....| | +.| #### | |.._(.| --|- ----.| % # |.. -- |.....| ...---+-....| ######### |..... |.....|.............| #-.----# |........{ ----|--.{...........| @|..... |.............(................| @|.^..| | -+---...........-+--- --...| @|.>..+ --------.---- |...| )|....| |.| |...| #|....| +.+ ---- |...| ###|..... + -----+------.----..-----...| # ------ |.......................%.)....-### -------------------------------- Arrhythmia the Jail-bird Experience level: 8 Strength: 14 Dexterity: 14 Constitution: 20 Intelligence: 11 Wisdom: 11 Charisma: 6 Health: 18(94) Energy: 47(47) AC: 5 Gold: 275 Moves: 4059 Your Inventory: Coins $ - 275 gold pieces Armor b - a cursed +0 striped shirt (being worn) l - a cursed rusty -1 hard hat [dwarvish iron helm] (being worn) F - an [uncursed] +0 dwarvish mithril-coat (being worn) G - a cursed -3 large round shield [dwarvish roundshield] (being worn) I - an [uncursed] burnt +0 pair of padded gloves [leather] (being worn) K - an [uncursed] burnt +0 elven cloak (being worn) L - an [uncursed +1] leather hat [elven leather helm] Scrolls A - a [blessed] scroll labeled EIRIS SAZUN IDISI [of scare monster] Rings C - an [uncursed +1] topaz ring [of increase accuracy] E - an [uncursed] diamond ring [of polymorph control] Wands z - an [uncursed] wand of striking [0:6] Tools f - an [uncursed] bag [sack] g - an [uncursed] credit card N - an [uncursed] towel Gems M - an [uncursed] stone called Flintluck [luckstone] Iron balls c - an uncursed heavy iron ball (chained to you) (weapon in hand) Contents of the sack: 405 gold pieces an uncursed wand of sleep (0:6) an [uncursed] black gem [obsidian] Spells known in the end: Name Level Category Fail Memory a - knock 1 matter 100% [||||||||] Your skills at the end: Fighting Skills Weapon Skills sling [Basic / Skilled] Spellcasting Skills Final Attributes: You had strayed. Hunger level was 187. Your alignment was -1 / 30. Monster difficulty range was 0 - 6. Level difficulty was 5. You were immune to poison. You were immune to level-drain. You were immune to sickness. You were punished. You were stealthy. You could fly. You could survive without air. You regenerated. You were lucky (3). You had extra luck. Bad luck did not time out for you. Good luck did not time out for you. You survived. Vanquished creatures: a rodent of unusual size a gelatinous cube a pyrolisk a shocking sphere a soldier 2 watchmen a wolf a giant spider a gnome king a Woodland-elf 2 ponies a yellow light 10 gnome lords 3 gnomish wizards 2 kobold mummies a golden naga hatchling a little dog 11 dwarves 3 dwarf zombies 6 hobbits a cave spider 2 yellow molds a green mold 55 gnomes 3 gnome zombies 2 geckos 3 jackals 2 foxes 5 sewer rats 4 grid bugs 2 bats 2 lichens a kobold zombie 3 newts 137 creatures vanquished. Voluntary challenges: You went without food. You never hit with a wielded weapon. You read items or engraved 13 times. You put on armor 11 times. You never genocided any monsters. You never polymorphed an object. You never changed form. You used no wishes. You abstained from Elbereth's help. You never encountered a bones level. You never used any Sokoban shortcuts. Dungeon overview: The Dungeons of Doom: levels 1 to 2 Level 1 a long staircase Level 2 stairs to The Gnomish Mines The Gnomish Mines: levels 3 to 9 Level 3 stairs to The Dungeons of Doom Level 5 <- You were here a temple, a magic chest, some fountains History has recorded: On T:1 you entered the Dungeons of Doom to retrieve the Amulet of Yendor! On T:217 you reached level 2 of The Dungeons of Doom. On T:852 you advanced to experience level 2. On T:883 you advanced to experience level 3. On T:989 you advanced to experience level 4. On T:1163 you reached level 1 of The Gnomish Mines. On T:1188 you advanced to experience level 5. On T:1707 you reached level 2 of The Gnomish Mines. On T:1784 you advanced to experience level 6. On T:2265 you reached level 3 of The Gnomish Mines. On T:2295 you advanced to experience level 7. On T:2340 you reached level 4 of The Gnomish Mines. On T:2637 you reached level 5 of The Gnomish Mines. On T:2798 you advanced to experience level 8. On T:2997 you reached level 6 of The Gnomish Mines. On T:3086 you reached level 7 of The Gnomish Mines. Latest messages: The watch captain hits! The watch captain swings her long sword. The watch captain hits! [HP-29=58] The watch captain swings her long sword. The watch captain hits! The watch captain swings her long sword. The watch captain hits! The watchman thrusts her short sword. The watchman hits! [HP-39=19] [HP+1=20] The watchman thrusts her short sword. The watchman hits! [HP-5=15] [HP+1=16] [HP+1=17] [HP+1=18] [HP+1=19] [HP+1=20] [HP+1=21] [HP+1=22] You are almost hit by a spear. [HP+1=23] You are hit by a knife. The watchman hits! [HP-5=18] (2x) Final status: Goodbye Arrhythmia the Convict... You quit in The Gnomish Mines on dungeon level 5 with 5620 points, and 680 pieces of gold, after 4059 moves. You were level 8 with a maximum of 94 hit points when you quit.